 Dungeon Crawl Stone Soup version 0.17-a0-1485-g22cb0ee (webtiles) character file.

3219 urechis the Grappler (level 9, 0/87 HPs)
             Began as a Troll Monk on July 5, 2015.
             Slain by a killer bee (6 damage)
             ... on level 8 of the Dungeon.
             The game lasted 00:10:32 (6416 turns).

urechis the Grappler (Troll Monk)                   Turns: 6416, Time: 00:10:32

Health: 0/87       AC:  6    Str: 24    XL:     9   Next: 65%
Magic:  0/8        EV: 11    Int:  6    God:
Gold:   477        SH:  0    Dex: 12    Spells: 0 memorised, 8 levels left

rFire  + . .     SeeInvis .       - Unarmed
rCold  . . .     Clarity  .     B - +0 robe
rNeg   . . .     SustAt   .     (no shield)
rPois  .         Gourm    +     (helmet restricted)
rElec  .         Spirit   +     s - +0 cloak
rCorr  .         Warding  .     (gloves unavailable)
rMut   .         Stasis   .     (boots unavailable)
MR     .....                    y - amulet of guardian spirit
Stlth  +.........               (no ring)
                                l - ring of protection from fire

@: lethally poisoned (0 -> 0), starving, not resistant to hostile enchantments,
very unstealthy
A: unfitting armour, claws 3, fast metabolism 3, gourmand, regeneration 2,
shaggy fur 1, tough skin 2
a: no special abilities


You were on level 8 of the Dungeon.
You were starving.

You visited 2 branches of the dungeon, and saw 9 of its levels.

You collected 477 gold pieces.

Inventory:

Hand weapons
 a - a +0 blowgun
Missiles
 p - 83 poisoned needles
 C - 8 needles of confusion
Armour
 s - a +0 cloak (worn)
 B - a +0 robe (worn)
Jewellery
 l - a ring of protection from fire (left claw)
 y - an amulet of guardian spirit (around neck)
Magical devices
 i - a wand of slowing (31)
 o - a wand of confusion (9)
 G - a wand of digging (4)
Scrolls
 c - 2 scrolls of teleportation {unknown}
 d - 2 scrolls of random uselessness {unknown}
 g - a scroll of enchant armour {unknown}
 h - 5 scrolls of identify {unknown}
 m - 2 scrolls of fog {unknown}
 q - 2 scrolls of amnesia {unknown}
 t - a scroll of remove curse {unknown}
 u - a scroll of magic mapping {unknown}
 D - a scroll of blinking {unknown}
 E - a scroll of enchant weapon {unknown}
 H - a scroll of noise {unknown}
Potions
 e - a potion of lignification {unknown}
 f - a potion of cure mutation {unknown}
 j - 2 potions of curing
 k - a potion of poison {unknown}
 r - a potion of magic {unknown}
 v - a potion of heal wounds {unknown}
 x - a potion of berserk rage {unknown}
 z - a potion of brilliance {unknown}
 A - 2 potions of mutation {unknown}
Books
 F - a book of Hinderance

   Spells                             Type                      Level
   a - Confusing Touch                Hexes                        2
   b - Confuse                        Hexes                        3
   c - Gell's Gravitas                Hexes/Translocation          3
   d - Petrify                        Transmutation/Earth          4
   e - Metabolic Englaciation         Hexes/Ice                    5
Comestibles
 b - 11 bread rations
 n - 6 meat rations
 w - 3 beef jerkies
 I - 3 fruits
 J - 8 slices of pizza


   Skills:
 + Level 4.8 Fighting
 + Level 4.8 Dodging
 - Level 1.1 Stealth
 - Level 12.1 Unarmed Combat


You had 8 spell levels left.
You didn't know any spells.

Dungeon Overview and Level Annotations

Branches:
Dungeon (8/15)             Temple (1/1) D:6
   Lair: D:8-11

Altars:
Ashenzari
Cheibriados
Dithmenos
Elyvilon
Fedhas
Gozag
Kikubaaqudgha
Makhleb
Nemelex Xobeh
Okawaru
Qazlal
Ru
Sif Muna
Trog
Vehumet
Xom
Yredelemnul
Zin
The Shining One

Shops:
D:7 (


Innate Abilities, Weirdness & Mutations

You are too large for most types of armour.
You have claws for hands.
Your metabolism is lightning-fast.
You like to eat raw meat.
You heal very quickly.
You are covered in fur (AC +1).
You have very tough skin (AC +2).


Message History

You are more poisoned.
The killer bee poisons you!
Drink which item? (? for menu, Esc to quit)
You feel better. The killer bee stings you.
You are poisoned.
The killer bee poisons you! The killer bee stings you.
The gnoll hits you from afar with a spear!
The killer bee barely misses you. The killer bee stings you.
You feel sick. The killer bee stings you.
* * * LOW HITPOINT WARNING * * *
The killer bee stings you.
* * * LOW HITPOINT WARNING * * *
The killer bee stings you!
* * * LOW HITPOINT WARNING * * *
The killer bee stings you but does no damage.
The killer bee stings you!
* * * LOW HITPOINT WARNING * * *
The killer bee barely misses you.
You feel sick. The killer bee stings you!
You die... ......... ....... ..... yg.

#g#
###)#################
#.syy......<.........
#.#y#################
#.#.@......# #..#.#
#.#.######.# #.....
..#.# ##'#.# ###.#
#ยง#.# ..# ###.# ###
###


You could see 3 killer bees, 2 gnolls and a giant cockroach.

Vanquished Creatures
  The ghost of Ontamu the Grappler, an experienced VSMo (D:5)
  Grinder (D:5)
  A two-headed ogre (D:8)
  Sigmund (D:2)
  A deep elf fighter (D:8)
  Menkaure (D:5)
  An ogre (D:4)
  A phantom (D:7)
  An ice beast (D:5)
  5 centaurs
  A sky beast (D:6)
  A big kobold (D:5)
  3 giant frogs
  2 scorpions (D:5)
  6 killer bees
  4 crimson imps
  A jelly (D:5)
  A gnoll shaman (D:8)
  Crazy Yiuf (D:2)
  A centaur skeleton (D:7)
  2 hounds
  Jessica (D:2)
  An orc wizard (D:6)
  4 worker ants
  A killer bee zombie (D:5)
  A hound skeleton (D:4)
  A hound zombie (D:5)
  11 adders
  4 gnolls
  A shadow imp (D:5)
  2 oozes
  An adder zombie (D:7)
  An adder skeleton (D:5)
  6 worms
  2 giant geckos (D:2)
  12 orcs
  4 ball pythons
  13 bats
  A bat skeleton (D:6)
  2 giant cockroaches
  13 goblins
  8 hobgoblins
  17 jackals
  4 quokkas
  A giant gecko zombie (D:5)
  4 giant newts
  18 kobolds
  A quokka skeleton (D:5)
  12 rats
184 creatures vanquished.

Vanquished Creatures (others)
  An orc (D:5)
1 creature vanquished.

Grand Total: 185 creatures vanquished

Notes
Turn   | Place    | Note
--------------------------------------------------------------
     0 | D:1      | urechis the Troll Monk began the quest for the Orb.
     0 | D:1      | Reached XP level 1. HP: 22/22 MP: 0/0
   134 | D:1      | Reached XP level 2. HP: 21/29 MP: 1/1
   535 | D:1      | Reached skill level 5 in Unarmed Combat
   639 | D:2      | Noticed Jessica
   649 | D:2      | Killed Jessica
   649 | D:2      | Reached XP level 3. HP: 29/36 MP: 2/2
   736 | D:2      | Reached XP level 4. HP: 28/44 MP: 3/3
   894 | D:2      | Noticed Sigmund
   911 | D:2      | Killed Sigmund
   911 | D:2      | Reached skill level 7 in Unarmed Combat
   911 | D:2      | Reached XP level 5. HP: 35/50 MP: 4/4
  1168 | D:2      | Reached XP level 6. HP: 59/59 MP: 5/5
  1319 | D:2      | Noticed Crazy Yiuf
  1327 | D:2      | Killed Crazy Yiuf
  1820 | D:3      | Reached skill level 8 in Unarmed Combat
  2207 | D:4      | Found a glowing silver altar of Zin.
  2290 | D:4      | Reached XP level 7. HP: 36/66 MP: 6/6
  2773 | D:5      | Entered Level 5 of the Dungeon
  2828 | D:5      | Reached skill level 9 in Unarmed Combat
  2882 | D:5      | Noticed Menkaure
  2892 | D:5      | Killed Menkaure
  3066 | D:5      | Reached skill level 10 in Unarmed Combat
  3166 | D:5      | Reached XP level 8. HP: 44/74 MP: 4/7
  3340 | D:5      | Noticed Ontamu's ghost (experienced VSMo)
  3369 | D:5      | Killed Ontamu's ghost
  3369 | D:5      | Reached skill level 11 in Unarmed Combat
  3679 | D:5      | Found a blossoming altar of Fedhas.
  3680 | D:5      | Found an opulent altar of Gozag.
  3822 | D:5      | Noticed Grinder
  3838 | D:5      | Killed Grinder
  3838 | D:5      | Reached skill level 12 in Unarmed Combat
  3991 | D:6      | Reached XP level 9. HP: 65/80 MP: 6/8
  4252 | D:6      | Found a blossoming altar of Fedhas.
  4740 | D:6      | Found a staircase to the Ecumenical Temple.
  4746 | Temple   | Entered the Ecumenical Temple
  5765 | D:7      | Found Moxic's Antique Weapon Emporium.
  6416 | D:8      | Slain by a killer bee

Vault maps used:
D:1:      evilmike_arrival_hilbert_curve
D:2:      kennysheep_generic_room_16, uniq_jessica, uniq_crazy_yiuf_cottage,
          uniq_sigmund
D:3:      first_bread
D:4:      nicolae_overflow_crystal_walls
D:5:      minmay_opposing_rooms, gammafunk_temple_overflow_statue,
          hangedman_abyss_or_decor_slice, wad_floor_pattern_1, uniq_grinder,
          uniq_menkaure
D:6:      minmay_temple_entry_enclosed_plants, basic_altar
D:7:      serial_shops, shop_coins, st_stairs_14
D:8:      grunt_pizzeria
Temple:   nicolae_temple_elliptical

Action                   |  1- 3 |  4- 6 |  7- 9 || total
-------------------------+-------+-------+-------++-------
Melee: Unarmed           |    72 |   138 |   295 ||   505
  Use: Potion            |       |       |     5 ||     5
 Stab: Sleeping          |     1 |     5 |       ||     6
  Eat: Meat ration       |     1 |       |       ||     1
       Chunk             |     5 |    10 |    28 ||    43
       Fruit             |       |       |     4 ||     4
       Royal jelly       |       |       |     1 ||     1
